 Dungeon Crawl Stone Soup version 0.30-a0-883-g5ad918d77d (webtiles) character file.

Game seed: 2789696477060227676

456 Hubris850 the Ducker (level 6, -2/49 HPs)
             Began as a Demonspawn Gladiator on Mar 16, 2023.
             Slain by a black bear (3 damage)
             ... on level 4 of the Dungeon.
             The game lasted 00:08:53 (2597 turns).

Hubris850 the Ducker (Demonspawn Gladiator)         Turns: 2597, Time: 00:08:54

Health: -2/49      AC:  4    Str: 17    XL:     6   Next: 77%
Magic:  6/6        EV: 18    Int:  9    God:
Gold:   89         SH:  0    Dex: 14    Spells: 5/5 levels left

rFire   . . .      SeeInvis .    a - +0 war axe
rCold   . . .      Faith    .    (no shield)
rNeg    . . .      Spirit   .    b - +0 leather armour
rPois   +          Reflect  .    c - +0 helmet
rElec   .          Rampage  .    (no cloak)
rCorr   .                        (no gloves)
Will    .....                    (no boots)
Stlth   +                        (no amulet)
HPRegen 0.28/turn                x - +5 ring of evasion
MPRegen 0.10/turn                w - ring of poison resistance

@: no status effects
A: powered by pain 1, spiny 1, sturdy frame 2
a: no special abilities


You were on level 4 of the Dungeon.
You visited 1 branch of the dungeon, and saw 5 of its levels.
You also visited: Sewer.

You collected 199 gold pieces.
You spent 110 gold pieces at shops.

Inventory:

Hand Weapons
 a - a +0 war axe (weapon)
 u - a +0 lajatang
Missiles
 d - 3 throwing nets (quivered)
 e - a javelin
Armour
 b - a +0 leather armour (worn)
 c - a +0 helmet (worn)
 q - a +2 robe of positive energy
Magical Staves
 m - a staff of poison
Jewellery
 j - a +6 ring of intelligence
 w - a ring of poison resistance (right hand)
 x - a +5 ring of evasion (left hand)
Scrolls
 g - 2 scrolls of magic mapping {unknown}
 i - 6 scrolls of identify {unknown}
 k - 3 scrolls of fog {unknown}
 n - a scroll of amnesia {unknown}
 o - 2 scrolls of poison {unknown}
 p - 2 scrolls of enchant armour {unknown}
 r - a scroll of fear {unknown}
 t - 2 scrolls of teleportation
Potions
 f - a potion of haste {unknown}
 h - 2 potions of heal wounds {unknown}
 l - 2 potions of attraction {unknown}
 s - 4 potions of flight
 v - a potion of might {unknown}


   Skills:
 + Level 4.5 Fighting
 - Level 2.6 Axes
 + Level 4.0 Throwing
 + Level 4.6 Dodging


You had 5 spell levels left.
You didn't know any spells.
Your spell library contained the following spells:

 Spells                   Type           Power      Damage    Failure   Level
 Sting                    Tmut/Pois      0%         1d3       38%         1
 Poisonous Vapours        Pois/Air       0%         N/A       52%         2
 Sublimation of Blood     Necr           0%         N/A       52%         2
 Wereblood                Tmut           0%         N/A       52%         2
 Dazzling Flash           Conj/Hex       0%         N/A       77%         3
 Olgreb's Toxic Radiance  Pois           0%         N/A       99%         4
 Agony                    Necr           0%         N/A       100%        5
 Silence                  Hex/Air        0%         N/A       100%        5
 Summon Hydra             Summ           0%         N/A       100%        7
 Chain Lightning          Conj/Air       0%         N/A       100%        9
 Fire Storm               Conj/Fire      0%         5d1       100%        9
 Shatter                  Erth           0%         3d5*      100%        9


Dungeon Overview and Level Annotations

Branches:
Dungeon (5/15)              Sewer (visited)
 Temple: D:4-7

Altars:
Dithmenos
Uskayaw

Shops:
D:4 *


Innate Abilities, Weirdness & Mutations

You sometimes gain a little power by taking damage.
You are partially covered in sharp spines.
Your movements are less encumbered by armour. (ER -4)


Message History

The black bear is heavily wounded.
You hit the black bear. You miss something. The black bear misses you.
The black bear claws you but does no damage. x2
The black bear closely misses you. The black bear misses you.
The black bear claws you.
Reactivating autopickup.
You feel a bit more experienced.
The black bear attacks as you move away!
The black bear is struck by your spines.
The black bear bites you. The black bear completely misses you.
The black bear claws you. The black bear misses you.
The black bear completely misses you. The black bear misses you.
You barely miss the black bear.
The black bear is lightly wounded.
You closely miss the black bear. The black bear misses you.
The black bear claws you.
* * * LOW HITPOINT WARNING * * *
The black bear closely misses you.
The black bear is struck by your spines.
The black bear closely misses you. The black bear misses you.
The black bear claws you but does no damage.
The black bear is struck by your spines.
The black bear bites you but does no damage.
The black bear misses you. The black bear claws you.
* * * LOW HITPOINT WARNING * * *
The black bear is struck by your spines.
The black bear bites you!
* * * LOW HITPOINT WARNING * * *
The black bear claws you but does no damage.
The black bear closely misses you. The black bear misses you.
The black bear claws you but does no damage.
The black bear closely misses you.
You see here a coppery potion.
You feel less confused.
The black bear is struck by your spines.
The black bear bites you.
* * * LOW HITPOINT WARNING * * *
The black bear claws you.
You die...

..............<.
......#.........
#...............
..............#
)............##
..............#.#
#..............
.#.....@## ...
........h!# #.# .#
#.......h.##..# .##
..$...........###..
.............##.#.#
..................# #
..................# ..#
......>..........##.....
...............>....#


You could see 2 black bears.

Vanquished Creatures
  3 orc priests
  2 iguanas (D:5)
  3 orc wizards
  A sickly merfolk siren (Sewer)
  A malarious merfolk avatar (Sewer)
  8 adders
  2 river rats (Sewer)
  2 worms (D:2)
  2 dart slugs (D:3)
  12 orcs
  2 bats
  2 endoplasms (D:1)
  5 giant cockroaches
  4 goblins
  A hobgoblin (D:2)
  3 quokkas
  13 ball pythons
  7 frilled lizards
  5 kobolds
  29 rats
107 creatures vanquished.

Notes
Turn   | Place    | Note
-------+----------+-------------------------------------------
     0 | D:1      | Hubris850 the Demonspawn Gladiator began the quest for the
                  | Orb.
     0 | D:1      | Reached XP level 1. HP: 16/16 MP: 1/1
   146 | D:1      | Gained mutation: You sometimes gain a little power by
                  | taking damage. [demonic ancestry]
   146 | D:1      | Reached XP level 2. HP: 22/22 MP: 2/2
   718 | D:2      | Gained mutation: You are partially covered in sharp spines.
                  | [demonic ancestry]
   718 | D:2      | Reached XP level 3. HP: 22/28 MP: 3/3
  1425 | D:3      | Reached XP level 4. HP: 32/35 MP: 4/4
  1427 | D:3      | Found a hide-covered altar of Uskayaw.
  1597 | D:3      | Gained mutation: Your movements are slightly less
                  | encumbered by armour. (ER -2) [demonic ancestry]
  1597 | D:3      | Reached XP level 5. HP: 29/41 MP: 5/5
  1703 | D:3      | Found a glowing drain.
  1720 | Sewer    | Entered a sewer
  1925 | Sewer    | Gained mutation: Your movements are less encumbered by
                  | armour. (ER -4) [demonic ancestry]
  1925 | Sewer    | Reached XP level 6. HP: 41/48 MP: 6/6
  2148 | D:3      | Found a shadowy altar of Dithmenos.
  2463 | D:4      | You fall into a shaft and drop 1 floor!
  2463 | D:5      | Entered Level 5 of the Dungeon
  2515 | D:4      | Found Wiumol's Assorted Antiques.
  2518 | D:4      | Bought a moonstone ring for 110 gold pieces
  2597 | D:4      | HP: 1/49 [black bear (4)]
  2597 | D:4      | Slain by a black bear

Illustrated notes

Levels and vault maps discovered:
D:1:      lightli_arrival_chessboard, layout_basic,
          chequers_serial_rivers_micro_b
D:2:      layout_basic, basic_altar, grunt_ministairs_9
D:3:      layout_rooms, mainiacjoe_overflow_cross_hatched,
          mainiacjoe_overflow_catwalk, serial_bayou, serial_bayou_ford_a,
          serial_bayou_shore_b, serial_bayou_pond_d, serial_bayou_crossing,
          portal_sewer_entry_b, chequers_mini_garden
D:4:      layout_cave_pools, jmf_multi_god_temple, serial_shops, shop
D:5:      layout_basic, serial_shops, shop, dreamdust_wishing_well,
          hangedman_decor_push, minmay_misc_feat_roman, chequers_hall_statues_y

Skill      XL: |  1  2  3  4  5  6 |
---------------+-------------------+-----
Throwing       | 2 3 4 |  4.0
Dodging        | 3 4 |  4.6
Fighting       | 3 4 |  4.5
Axes           | |  2.6

Action                     |  1- 3 |  4- 6 || total
---------------------------+-------+-------++-------
  Melee: War axe           |    68 |   128 ||   196
         Punch             |       |     1 ||     1
   Stab: Distracted        |       |     1 ||     1
 Armour: Leather armour    |    19 |    41 ||    60
  Dodge: Dodged            |    48 |   117 ||   165

Table legend: (Time is in decaauts)
 A = Elapsed time spent in this place.
 B = Non-inter-level travel time spent in this place.
 C = Inter-level travel time spent in this place.
 D = Time resting spent in this place.
 E = Time spent auto-exploring this place.
 F = Levels seen in this place.
 G = Mean time per level.
                   A        B        C        D        E       F      G
               +--------+--------+--------+--------+--------+-----+--------+
         Total |   2732 |   2664 |     68 |     84 |   1744 |   6 |  455.3 |
       Dungeon |   2347 |   2279 |     68 |     41 |   1711 |   5 |  469.4 |
         Sewer |    385 |    385 |      0 |     43 |     33 |   1 |  385.0 |
               +--------+--------+--------+--------+--------+-----+--------+

Top non-repeatable levels by time:
     D:2: 893 daAuts
     D:3: 762 daAuts
     D:1: 548 daAuts
   Sewer: 385 daAuts
     D:4: 86 daAuts
     D:5: 55 daAuts
